EVO
FRESNO STATE UNIVERSITY BULLDOGS @ UCLA BRUINS
08/15/2045
 
TOP OF THE 1ST
Fresno State University Bulldogs batting - Pitching for UCLA Bruins : RHP Raymundo Pato
Pitching: RHP Raymundo Pato
Batting: RHB Patrick Pinault 0-0: Ball
1-0: Hit by Pitch
Batting: RHB Janne Vihko 0-0: Ball
1-0: Called Strike
Patrick Pinault steals 2nd, throwing error, E2
Patrick Pinault to third
1-1: Called Strike
1-2: Ball
2-2: Ground out 1-3 (Groundball, P, EV 71.2 MPH)
Batting: RHB Terry Oetker 0-0: SINGLE (Groundball, 6M, EV 82.5 MPH) (infield hit)
Patrick Pinault scores
Batting: RHB Felix Rangel 0-0: Ball
1-0: Called Strike
1-1: Swinging Strike
1-2: Strikes out swinging
Batting: SHB Andres Agudo 0-0: Called Strike
0-1: Foul Ball, location: 2F
0-2: Ground out U3 (Groundball, 3, EV 91.9 MPH)
Top of the 1st over - 1 run, 1 hit, 1 error, 1 left on base; Fresno State University 1 - UCLA 0
BOTTOM OF THE 1ST
UCLA Bruins batting - Pitching for Fresno State University Bulldogs : RHP Jon Trujillo
Pitching: RHP Jon Trujillo
Batting: RHB Jack Stadner 0-0: Called Strike
0-1: SINGLE (Line Drive, 6MD, EV 101.2 MPH)
Batting: RHB Lorenzo Diaz 0-0: Ball
1-0: Ball
2-0: Called Strike
2-1: Ball
3-1: Base on Balls
Jack Stadner to second
Batting: LHB Xue-liang Zhou 0-0: Fly out, F7 (Flyball, 7D, EV 87.5 MPH)
Runner from 2nd tags up, SAFE at 3rd, no throw by LF
Batting: RHB Don Burt 0-0: Called Strike
0-1: Ball
1-1: SINGLE (Line Drive, 89S, EV 90.0 MPH)
Jack Stadner scores
Lorenzo Diaz to second
Batting: LHB Alex Larangho 0-0: Ball
1-0: Ball
2-0: Foul Ball, location: 2F
2-1: Ball
3-1: Called Strike
3-2: Foul Ball, location: 2F
3-2: Foul Ball, location: 2F
3-2: Fly out, F7 (Line Drive, 8LD, EV 91.9 MPH)
Batting: RHB Manny Olave 0-0: Called Strike
0-1: TRIPLE (Flyball, 9D, EV 104.4 MPH)
Lorenzo Diaz scores
Don Burt scores
Batting: RHB Amir Christy 0-0: Called Strike
0-1: Foul Ball, location: 2F
0-2: Foul Ball, location: 2F
0-2: Ball
1-2: Fly out, F8 (Flyball, 8RD, EV 86.9 MPH)
Bottom of the 1st over - 3 runs, 3 hits, 0 errors, 1 left on base; Fresno State University 1 - UCLA 3
TOP OF THE 2ND
Fresno State University Bulldogs batting - Pitching for UCLA Bruins : RHP Raymundo Pato
Batting: RHB Jeff Floyd 0-0: Ball
1-0: Fly out, F2 (Popup, 2RF, EV 90.0 MPH)
Batting: LHB Jesus Huante 0-0: Called Strike
0-1: Ball
1-1: Ball
2-1: SINGLE (Groundball, 6MD, EV 102.5 MPH)
Batting: RHB Armando Ramirez Pickoff Throw to First - Out! 1-3
0-0: Called Strike
0-1: Swinging Strike
0-2: Fly out, F8 (Flyball, 8LS, EV 88.1 MPH)
Top of the 2nd over - 0 runs, 1 hit, 0 errors, 0 left on base; Fresno State University 1 - UCLA 3
BOTTOM OF THE 2ND
UCLA Bruins batting - Pitching for Fresno State University Bulldogs : RHP Jon Trujillo
Batting: RHB Oscar Ferrer 0-0: Ball
1-0: Ball
2-0: Ball
3-0: Called Strike
3-1: Swinging Strike
3-2: Strikes out swinging
Batting: RHB Ricky Alvarado 0-0: Ball
1-0: Swinging Strike
1-1: Ball
2-1: Ground out 3-1 (Groundball, 13, EV 86.2 MPH)
Batting: RHB Jack Stadner 0-0: Foul Ball, location: 2F
0-1: Fly out, F9 (Line Drive, 9, EV 91.9 MPH)
Bottom of the 2nd over - 0 runs, 0 hits, 0 errors, 0 left on base; Fresno State University 1 - UCLA 3
TOP OF THE 3RD
Fresno State University Bulldogs batting - Pitching for UCLA Bruins : RHP Raymundo Pato
Batting: RHB Mike Lassiter 0-0: Called Strike
0-1: Swinging Strike
0-2: Ball
1-2: Strikes out swinging
Batting: RHB Patrick Pinault 0-0: Ball
1-0: Fly out, F7 (Flyball, 7LM, EV 87.5 MPH)
Batting: RHB Janne Vihko 0-0: Called Strike
0-1: SINGLE (Groundball, P, EV 88.8 MPH) (infield hit)
Batting: RHB Terry Oetker 0-0: Foul Ball, location: 2F
0-1: Ball
1-1: Ball
Janne Vihko is caught stealing 2nd base 2-4
Top of the 3rd over - 0 runs, 1 hit, 0 errors, 0 left on base; Fresno State University 1 - UCLA 3
BOTTOM OF THE 3RD
UCLA Bruins batting - Pitching for Fresno State University Bulldogs : RHP Jon Trujillo
Batting: RHB Lorenzo Diaz 0-0: Swinging Strike
0-1: Ball
1-1: Called Strike
1-2: Strikes out swinging
Batting: LHB Xue-liang Zhou 0-0: Ball
1-0: Ball
2-0: Ball
3-0: Called Strike
3-1: Base on Balls
Batting: RHB Don Burt 0-0: Foul Ball, location: 2F
0-1: Grounds into double play, 5-4-3 (Groundball, 56S, EV 85.6 MPH)
Bottom of the 3rd over - 0 runs, 0 hits, 0 errors, 0 left on base; Fresno State University 1 - UCLA 3
TOP OF THE 4TH
Fresno State University Bulldogs batting - Pitching for UCLA Bruins : RHP Raymundo Pato
Batting: RHB Terry Oetker 0-0: Called Strike
0-1: Fly out, F9 (Flyball, 89D, EV 100.0 MPH)
Batting: RHB Felix Rangel 0-0: Ball
1-0: SINGLE (Groundball, 34D, EV 95.0 MPH)
Batting: SHB Andres Agudo 0-0: Ball
1-0: Ball
2-0: Foul Ball, location: 2F
2-1: Fielders Choice at 2nd, 3-6 (Groundball, 34S, EV 79.4 MPH)
Batting: RHB Jeff Floyd 0-0: Called Strike
0-1: Ball
1-1: Fly out, F7 (Line Drive, 78M, EV 90.0 MPH)
Top of the 4th over - 0 runs, 1 hit, 0 errors, 1 left on base; Fresno State University 1 - UCLA 3
BOTTOM OF THE 4TH
UCLA Bruins batting - Pitching for Fresno State University Bulldogs : RHP Jon Trujillo
Batting: LHB Alex Larangho 0-0: Ball
1-0: Ball
2-0: Called Strike
2-1: Foul Ball, location: 2F
2-2: Ball
3-2: Strikes out swinging
Batting: RHB Manny Olave 0-0: Ball
1-0: Called Strike
1-1: Foul Ball, location: 2F
1-2: Fly out, F7 (Flyball, 7, EV 94.4 MPH)
Batting: RHB Amir Christy 0-0: Called Strike
0-1: DOUBLE (Flyball, 89XD, EV 95.0 MPH)
Batting: RHB Oscar Ferrer 0-0: Ball
1-0: DOUBLE (Line Drive, 5D, EV 106.9 MPH)
Amir Christy scores
Batting: RHB Ricky Alvarado 0-0: Ground out 6-3 (Groundball, 6, EV 94.4 MPH)
Bottom of the 4th over - 1 run, 2 hits, 0 errors, 1 left on base; Fresno State University 1 - UCLA 4
TOP OF THE 5TH
Fresno State University Bulldogs batting - Pitching for UCLA Bruins : RHP Raymundo Pato
Batting: LHB Jesus Huante 0-0: SINGLE (Groundball, 34D, EV 107.5 MPH)
Batting: RHB Armando Ramirez 0-0: Fly out, F8 (Line Drive, 8LD, EV 98.1 MPH)
Batting: RHB Mike Lassiter Pickoff Throw to First - Out! 1-3
0-0: Ball
1-0: Called Strike
1-1: Ball
2-1: Ball
3-1: Base on Balls
Batting: RHB Patrick Pinault 0-0: Ball
1-0: DOUBLE (Line Drive, 78M, EV 93.1 MPH)
Mike Lassiter to third
Batting: RHB Janne Vihko 0-0: Ball
1-0: Called Strike
1-1: Ground out 5-3 (Groundball, 56S, EV 88.1 MPH)
Top of the 5th over - 0 runs, 2 hits, 0 errors, 2 left on base; Fresno State University 1 - UCLA 4
BOTTOM OF THE 5TH
UCLA Bruins batting - Pitching for Fresno State University Bulldogs : RHP Jon Trujillo
Batting: RHB Jack Stadner 0-0: SINGLE (Flyball, 89S, EV 95.0 MPH)
Batting: RHB Lorenzo Diaz 0-0: Ball
1-0: Swinging Strike
1-1: Ball
2-1: Foul Ball, location: 2F
2-2: Fly out, F1 (Line Drive, P, EV 72.5 MPH)
Batting: LHB Xue-liang Zhou 0-0: Ball
1-0: SINGLE (Flyball, 89S, EV 98.1 MPH)
Jack Stadner to second
Batting: RHB Don Burt 0-0: Ball
1-0: Ball
2-0: Called Strike
2-1: DOUBLE (Line Drive, 89D, EV 99.4 MPH)
Jack Stadner scores
Xue-liang Zhou to third
Batting: LHB Alex Larangho 0-0: Intentional Walk
Pitching: LHP Diego Tellez
Batting: RHB Manny Olave 0-0: Grounds into double play, 6-4-3 (Groundball, 6, EV 84.4 MPH)
Bottom of the 5th over - 1 run, 3 hits, 0 errors, 2 left on base; Fresno State University 1 - UCLA 5
TOP OF THE 6TH
Fresno State University Bulldogs batting - Pitching for UCLA Bruins : RHP Raymundo Pato
Batting: RHB Terry Oetker 0-0: Ball
1-0: Swinging Strike
1-1: Foul Ball, location: 2F
1-2: Ball
2-2: Foul Ball, location: 2F
2-2: SINGLE (Groundball, 3S, EV 96.9 MPH)
Batting: RHB Felix Rangel 0-0: Ball
1-0: Fly out, F4 (Flyball, 4MD, EV 95.0 MPH)
Batting: SHB Andres Agudo 0-0: Ball
Wild Pitch!
Terry Oetker to second
1-0: Ball
2-0: Ball
3-0: Called Strike
3-1: Fly out, F7 (Flyball, 7S, EV 89.4 MPH)
Batting: RHB Jeff Floyd 0-0: Foul Ball, location: 2F
0-1: Called Strike
0-2: Ball
1-2: Foul Ball, location: 2F
1-2: Ball
2-2: Strikes out swinging
Top of the 6th over - 0 runs, 1 hit, 0 errors, 1 left on base; Fresno State University 1 - UCLA 5
BOTTOM OF THE 6TH
UCLA Bruins batting - Pitching for Fresno State University Bulldogs : LHP Diego Tellez
Batting: RHB Amir Christy 0-0: Ball
1-0: Fly out, F9 (Line Drive, 9, EV 98.8 MPH)
Batting: RHB Oscar Ferrer 0-0: Ball
1-0: Swinging Strike
1-1: Ground out 1-3 (Groundball, P, EV 71.9 MPH)
Batting: RHB Ricky Alvarado 0-0: Ball
1-0: Ball
2-0: Foul Ball, location: 2F
2-1: Ball
3-1: Base on Balls
Batting: RHB Jack Stadner 0-0: Called Strike
0-1: Ball
1-1: Ball
2-1: Fielders Choice at 2nd, 6-4 (Groundball, 6, EV 91.9 MPH)
Bottom of the 6th over - 0 runs, 0 hits, 0 errors, 1 left on base; Fresno State University 1 - UCLA 5
TOP OF THE 7TH
Fresno State University Bulldogs batting - Pitching for UCLA Bruins : RHP Raymundo Pato
Pitching: RHP Kyle Meade
Batting: LHB Jesus Huante 0-0: Foul Ball, location: 2F
0-1: Foul Ball, location: 2F
0-2: Ball
1-2: Strikes out swinging
Batting: RHB Armando Ramirez 0-0: Ball
1-0: Called Strike
1-1: SINGLE (Groundball, 6MS, EV 67.5 MPH) (infield hit)
Batting: RHB Mike Lassiter 0-0: Called Strike
0-1: Swinging Strike
0-2: Foul Ball, location: 2F
0-2: Foul Ball, location: 2F
0-2: Ball
Armando Ramirez steals 2nd base
1-2: Ball
2-2: Foul Ball, location: 2F
2-2: Fly out, F6 (Flyball, 56D, EV 73.8 MPH)
Pinch Hitting: LHB Danny Salas 0-0: Called Strike
0-1: SINGLE (Flyball, 78S, EV 88.8 MPH)
Armando Ramirez to third
Runner from 3rd tries for Home, SAFE, throw by CF to home
Batting: RHB Janne Vihko 0-0: Ball
Danny Salas is caught stealing 2nd base 2-4
Top of the 7th over - 1 run, 2 hits, 0 errors, 0 left on base; Fresno State University 2 - UCLA 5
BOTTOM OF THE 7TH
UCLA Bruins batting - Pitching for Fresno State University Bulldogs : LHP Diego Tellez
Now at 2B: Tsugio Yamaguchi
Batting: RHB Lorenzo Diaz 0-0: Foul Ball, location: 2F
0-1: Ball
1-1: SINGLE (Groundball, 4MD, EV 95.0 MPH)
Batting: LHB Xue-liang Zhou 0-0: Ball
1-0: Called Strike
1-1: Fly out, F3 (Line Drive, 3, EV 65.6 MPH)
Batting: RHB Don Burt 0-0: Called Strike
0-1: Ball
1-1: Foul Ball, location: 2F
1-2: Foul Ball, location: 2F
1-2: Ball
2-2: Fly out, F9 (Flyball, 9, EV 70.0 MPH)
Batting: LHB Alex Larangho 0-0: Fly out, F9 (Flyball, 9, EV 85.6 MPH)
Bottom of the 7th over - 0 runs, 1 hit, 0 errors, 1 left on base; Fresno State University 2 - UCLA 5
TOP OF THE 8TH
Fresno State University Bulldogs batting - Pitching for UCLA Bruins : RHP Kyle Meade
Batting: RHB Janne Vihko 0-0: Swinging Strike
0-1: Ground out 5-3 (Groundball, 56S, EV 69.4 MPH)
Batting: RHB Terry Oetker 0-0: Ball
1-0: Ball
2-0: Called Strike
2-1: Ground out 6-3 (Groundball, 6, EV 84.4 MPH)
Pinch Hitting: LHB Mitsujiro Tanaka 0-0: Called Strike
0-1: Swinging Strike
0-2: Strikes out swinging
Top of the 8th over - 0 runs, 0 hits, 0 errors, 0 left on base; Fresno State University 2 - UCLA 5
BOTTOM OF THE 8TH
UCLA Bruins batting - Pitching for Fresno State University Bulldogs : LHP Diego Tellez
Now in RF: Iestyn Peacock
Batting: RHB Manny Olave 0-0: SINGLE (Groundball, 34D, EV 100.0 MPH)
Batting: RHB Amir Christy 0-0: Foul Ball, location: 2F
0-1: SINGLE (Flyball, 89S, EV 88.1 MPH)
Manny Olave to second
Manny Olave to third
Batting: RHB Oscar Ferrer 0-0: Foul Ball, location: 2F
0-1: Grounds into double play, 6-4-3 (Groundball, 6M, EV 86.9 MPH)
Manny Olave scores
Batting: RHB Ricky Alvarado 0-0: Ground out 6-3 (Groundball, 6, EV 91.2 MPH)
Bottom of the 8th over - 1 run, 2 hits, 0 errors, 0 left on base; Fresno State University 2 - UCLA 6
TOP OF THE 9TH
Fresno State University Bulldogs batting - Pitching for UCLA Bruins : RHP Kyle Meade
Batting: SHB Andres Agudo 0-0: Called Strike
0-1: Foul Ball, location: 2F
0-2: Strikes out swinging
Batting: RHB Jeff Floyd 0-0: Ball
1-0: Ball
2-0: Foul Ball, location: 2F
2-1: Foul Ball, location: 2F
2-2: Strikes out swinging
Batting: LHB Jesus Huante 0-0: Ground out 1-3 (Groundball, P, EV 66.2 MPH)
Top of the 9th over - 0 runs, 0 hits, 0 errors, 0 left on base; Fresno State University 2 - UCLA 6
Wednesday, June 22nd , 2022 - OOTP Baseball 23.4 Build 64